 Dungeon Crawl Stone Soup version 0.22-a0-322-g60b3cfd (webtiles) character file.

38 Slobodan the Firebug (level 3, -3/26 HPs)
             Began as a Centaur Fire Elementalist on Apr 2, 2018.
             Slain by a worm (10 damage)
             ... on level 2 of the Dungeon.
             The game lasted 00:08:47 (1165 turns).

Slobodan the Firebug (Centaur Fire Elementalist)    Turns: 1165, Time: 00:08:48

Health: -3/26      AC:  4    Str: 10    XL:     3   Next: 25%
Magic:  0/5        EV:  9    Int: 15    God:
Gold:   49         SH:  0    Dex:  9    Spells: 4/5 levels left

rFire    . . .     SeeInvis .   d - -2 whip (curse)
rCold    . . .     Gourm    .   (no shield)
rNeg     . . .     Faith    .   a - +0 robe
rPois    .         Spirit   .   (no helmet)
rElec    .         Reflect  .   (no cloak)
rCorr    .         Harm     .   (no gloves)
MR       .....                  (no barding)
Stlth    ++........             (no amulet)
HPRegen  0.08/turn              j - ring of stealth
MPRegen  0.09/turn              (no ring)

@: very slightly contaminated, very quick
A: large, hooves 3, deformed body, speed 2, tough skin 3
a: no special abilities


You were on level 2 of the Dungeon.
You were hungry.

You visited 1 branch of the dungeon, and saw 2 of its levels.

You collected 49 gold pieces.

Inventory:

Hand Weapons
 d - a cursed -2 whip (weapon)
 h - a +0 hunting sling
 k - a +0 spear
 l - a +0 whip
Missiles
 f - 46 stones (quivered)
Armour
 a - a +0 robe (worn)
 b - a +0 leather armour
Jewellery
 j - a ring of stealth (left hand)
Scrolls
 i - a scroll of teleportation
Potions
 e - a potion of might {unknown}
 m - a potion of curing {unknown}
 n - a potion of degeneration {unknown}
Comestibles
 c - 4 rations
 g - a chunk of flesh


   Skills:
 - Level 1.3 Dodging
 - Level 1.1 Stealth
 - Level 1.5 Spellcasting
 + Level 2.1 Conjurations
 + Level 3.3 Fire Magic


You had 4 spell levels left.
You knew the following spells:

 Your Spells              Type           Power        Failure   Level  Hunger
a - Flame Tongue          Conj/Fire      #....        8%          1    ##.....


Dungeon Overview and Level Annotations

Branches:
Dungeon (2/15)

Altars:


Innate Abilities, Weirdness & Mutations

You have hooves in place of feet.
Armour fits poorly on your strangely shaped body.
You cover ground very quickly.
You have extremely tough skin. (AC +3)


Message History

The flame tongue hits the worm.
The worm is moderately wounded.
Casting: Flame Tongue (safe; 8% risk of failure)
Confirm with . or Enter, or press ? or * to list all spells.
Aiming: Flame Tongue (safe; 8% risk of failure)
Press: ? - help, Shift-Dir - straight line, f/p - worm
Aim: a worm (moderately wounded)
The flame tongue hits the worm.
The worm is severely wounded.
The worm barely misses you.
Casting: Flame Tongue (safe; 8% risk of failure)
Confirm with . or Enter, or press ? or * to list all spells.
Aiming: Flame Tongue (safe; 8% risk of failure)
Press: ? - help, Shift-Dir - straight line, f/p - worm
Aim: a worm (severely wounded)
The flame tongue hits the worm.
The worm is severely wounded.
You are feeling hungry.
The worm bites you!
You die...

... #.# #.# #.# #+## #.#
##...## ###### #.####
##.....## ##....###.##.##
##.......##
##.P......†...####†........#
....P..P........@w.........+
###.P♣.P..##..####.........#
# ##.PP♣♣P.#..# ##.......##
####....♣P.#..# ##.....##
......P..♣.P..# ##...##
#####.#.P.♣.#.# #+##
..###.#..†....# #.#
......####.#### #.# #.#####
#.# ##.########


You could see a worm.

Vanquished Creatures
  An adder (D:2)
  2 worms (D:2)
  A dart slug (D:1)
  4 bats
  A giant cockroach (D:1)
  4 goblins
  A quokka (D:2)
  A ball python (D:1)
  A frilled lizard (D:1)
  5 kobolds
  3 rats (D:1)
24 creatures vanquished.

Notes
Turn   | Place    | Note
-------+----------+-------------------------------------------
     0 | D:1      | Slobodan the Centaur Fire Elementalist began the quest for the Orb.
     0 | D:1      | Reached XP level 1. HP: 14/14 MP: 3/3
   267 | D:1      | Reached skill level 1 in Conjurations
   413 | D:1      | Reached skill level 3 in Fire Magic
   413 | D:1      | Reached XP level 2. HP: 14/20 MP: 0/4
  1042 | D:2      | Reached XP level 3. HP: 26/26 MP: 0/5
  1165 | D:2      | Slain by a worm

Vault maps used:
D:1:      dpeg_arrival_shrine
D:2:      serial_forest, infiniplex_forest_zigzag_1,
          infiniplex_forest_clump_diagonal, infiniplex_forest_end_2,
          infiniplex_forest_end_1, infiniplex_forest_clump_long,
          infiniplex_forest_clump_medium

Skill      XL: |  1  2 |
---------------+-------+-----
Conjurations   | 1 2 |  2.1
Fire Magic     | 3 |  3.3
Dodging        | |  1.3
Stealth        | |  1.1
Spellcasting   | |  1.5

Action                   || total
-------------------------++-------
Melee: Whip              ||    20
       Kick              ||     1
Throw: Stone             ||    25
 Cast: Flame Tongue      ||    50
  Use: Scroll            ||     2
  Eat: Chunk             ||     1
Armor: Robe              ||    16
Dodge: Dodged            ||    35

Table legend:
 A = Spawn XP
 B = Non-spawn XP
 C = Spawn XP percentage of total XP
 D = Spawn monster count
 E = Non-spawn monster count
 F = Spawn count percentage of total count
 G = Total turns spent on level
                    A         B        C        D         E        F      G
               +---------+---------+-------+---------+---------+-------+---------
         Total |       0 |      55 |   0.0 |       0 |      24 |   0.0 |  1165
               +---------+---------+-------+---------+---------+-------+---------
           D:1 |       0 |      27 |   0.0 |       0 |      17 |   0.0 |   785
           D:2 |       0 |      28 |   0.0 |       0 |       7 |   0.0 |   380
               +---------+---------+-------+---------+---------+-------+---------
